 Dungeon Crawl Stone Soup version 0.31.0-11-ge490571c62 (webtiles) character file.

Game seed: 2815492280053927294

4025 Zeor the Cruncher (level 10, 0/64 HPs)
             Began as a Gargoyle Gladiator on Feb 5, 2024.
             Was a Follower of Ru.
             Slain by a fire elemental (2 damage)
             ... summoned by a deep elf pyromancer
             ... on level 9 of the Dungeon.
             The game lasted 00:27:52 (6384 turns).

Zeor the Cruncher (Gargoyle Gladiator)              Turns: 6384, Time: 00:27:52

Health: 0/64       AC: 16    Str: 21    XL:     10   Next: 24%
Magic:  0/10       EV: 13    Int: 10    God:    Ru [*.....]
Gold:   399        SH:  0    Dex: 11    Spells: 9/9 levels left

rFire   + . .        a - +1 quarterstaff (freeze)
rCold   + . .        (shield currently unavailable)
rNeg    + + .        v - +0 chain mail
rPois   ∞            c - +0 helmet
rElec   +            t - +0 cloak
rCorr   +            (no gloves)
SInv    .            A - +2 pair of slick slippers {slick, slippery, EV+4}
Will    .....        x - amulet of guardian spirit Stlth
                     o - ring of resist corrosion
HPRegen 0.30/turn    w - ring of positive energy
MPRegen 0.12/turn

%: guardian spirit
@: brilliant, resistant
A: sickness immunity, AC +7, negative energy resistance 1, electricity
resistance, torment resistance 1, petrification resistance, reduced AC 1
a: Renounce Religion


You were on level 9 of the Dungeon.
You worshipped Ru.
Ru was aware of your devotion.
You visited 1 branch of the dungeon, and saw 9 of its levels.

You collected 628 gold pieces.
You spent 229 gold pieces at shops.

Inventory:

Hand Weapons
 a - a +1 quarterstaff of freezing (weapon)
 b - the +6 hand cannon of Laceration {heavy, rPois rN+++ Dex-3}
   (You bought it in a shop on level 7 of the Dungeon)

   Dex-3:     It affects your dexterity (-3).
   rPois:     It protects you from poison rN+++: It renders you almost immune to
   negative energy.
 l - the +10 whip "Iziy" {protect, rF++ Str-2}
   (You found it on level 6 of the Dungeon)

   Str-2:     It affects your strength (-2).
   rF++:      It greatly protects you from fire.
 p - a +3 mace of holy wrath
Missiles
 e - a javelin
 r - 3 datura-tipped darts
Armour
 c - a +0 helmet (worn)
 t - a +0 cloak (worn)
 v - a +0 chain mail (worn)
 A - the +2 pair of slick slippers (worn) {slick, slippery, EV+4}
   (You acquired it on level 6 of the Dungeon)

   Slick:     Its wearer cannot be constricted, engulfed, netted or webbed.
   Slippery:  Its wearer slips away from damaging melee attacks, pulling the
   attacker onward.
   EV+4:      It affects your evasion (+4).
 I - the +1 robe of Titaril {Str+6}
   (You found it on level 8 of the Dungeon)

   Str+6:     It affects your strength (+6).
Magical Staves
 j - a staff of cold
 E - a staff of earth
Jewellery
 o - a ring of resist corrosion (left hand)
 w - a ring of positive energy (right hand)
 x - an amulet of guardian spirit (around neck)
Wands
 F - a wand of acid (9)
 G - a wand of iceblast (6)
 J - a wand of flame (14)
Scrolls
 i - a scroll of revelation
 n - 2 scrolls of identify
 s - a scroll of vulnerability
 u - a scroll of fear
 z - 2 scrolls of butterflies
 B - a scroll of silence
 C - 4 scrolls of immolation
 D - a scroll of poison
Potions
 f - 2 potions of mutation
 m - 2 potions of cancellation
 q - a potion of enlightenment
 y - 4 potions of lignification


   Skills:
 * Level 7.9 Fighting
 + Level 9.6 Staves
 + Level 1.0 Ranged Weapons
 + Level 2.0 Throwing
 + Level 4.8 Armour
 + Level 3.4 Dodging
 + Level 1.8 Stealth
 * Level 5.8 Evocations


You had 9 spell levels left.
You didn't know any spells.
Your spell library contained the following spells:

 Spells                   Type           Power      Damage    Failure   Level
 Sandblast                Erth           0%         2d4       94%         1
 Jinxbite                 Hex            0%         N/A       98%         2
 Passwall                 Erth           0%         N/A       100%        3
 Stone Arrow              Conj/Erth      0%         3d7       100%        3
 Brom's Barrelling Bould  Conj/Erth      0%         2d3       100%        4
 Vhi's Electric Charge    Tloc/Air       0%         N/A       100%        4
 Arcjolt                  Conj/Air       0%         1d10      100%        5
 Yara's Violent Unravell  Hex/Alch       0%         3d3       100%        5
 Plasma Beam              Fire/Air       0%         2x1d10    100%        6
 Enfeeble                 Hex            0%         N/A       100%        7


Dungeon Overview and Level Annotations

Branches:
Dungeon (9/15)             Temple (0/1) D:7
   Lair: D:8-11         Orc: D:9-12

Altars:
Ashenzari
Elyvilon
Fedhas
Hepliaklqana
Makhleb
Nemelex Xobeh
Ru
Trog
Wu Jian
Zin

Shops:
D:7 (

Annotations:
D:6 1 runed translucent door, Crazy Yiuf
D:7 2 transporters, knightboat's ghost, novice GnHs


Innate Abilities, Weirdness & Mutations

You are immune to sickness and miasma.
Your stone body is resilient. (AC +7)
You are immune to poison.
You resist negative energy. (rN+)
You are resistant to electric shocks. (rElec)
You are resistant to unholy torment.
You are immune to petrification.
You take slightly more damage. (AC -5)


Message History

You feel better. The fire elemental hits you. The fire elemental burns you!
You resist.
* * * LOW HITPOINT WARNING * * *
The deep elf pyromancer hits you but does no damage.
You barely miss the deep elf pyromancer.
The deep elf pyromancer is moderately wounded.
The fire elemental hits you. The fire elemental burns you! You resist.
* * * LOW HITPOINT WARNING * * *
The deep elf pyromancer hits you with a +0 long sword of electrocution.
* * * LOW HITPOINT WARNING * * *
You hit the deep elf pyromancer. You freeze the deep elf pyromancer.
The deep elf pyromancer is moderately wounded.
The fire elemental closely misses you.
The deep elf pyromancer closely misses you.
Unknown command.
It was a potion of brilliance.
You feel clever all of a sudden. The fire elemental closely misses you.
The deep elf pyromancer is stunned by your conviction and fails to attack.
The fire elemental barely misses you.
You hit the deep elf pyromancer. You freeze the deep elf pyromancer.
The deep elf pyromancer is heavily wounded.
The fire elemental hits you. The fire elemental burns you! You resist.
* * * LOW HITPOINT WARNING * * *
The deep elf pyromancer hits you with a +0 long sword of electrocution.
* * * LOW HITPOINT WARNING * * *
Unknown command.
As you read the scroll of fear, it crumbles to dust.
You assume a fearsome visage.
The fire elemental is unaffected.
The deep elf pyromancer looks frightened!
The fire elemental hits you. The fire elemental burns you! You resist.
* * * LOW HITPOINT WARNING * * *
The deep elf pyromancer gestures wildly while chanting.
The deep elf pyromancer blinks!
The fire elemental misses you.
You redirect the deep elf pyromancer's attack!
The deep elf pyromancer casts a spell.
The deep elf pyromancer blinks!
The fire elemental hits you. The fire elemental burns you! You resist.
You die...

▒▒▒▒▒▒ ∙∙∙∙∙∙▒▒▒▒▒▒▒▒▒▒
▒∙∙∙∙∙∙#∙9∙∙∙∙▒
▒∙▒∙∙8∙∙E8∙∙▒∙▒
▒∙∙▒∙○∙▒∙∙▒∙▒
▒∙∙▒∙>∙▒∙∙▒∙▒ ▒∙
▒(∙∙▒∙∙▒∙▒▒ ▒∙
▒∙∙∙▒∙∙▒∙∙▒
▒∙∙▒e∙∙▒∙∙▒∙∙▒▒
▒∙∙▒'''▒∙∙▒∙∙∙▒▒▒▒▒▒▒▒▒▒
▒∙∙■8∙P■∙∙▒∙∙∙∙∙∙∙∙∙∙∙∙∙


You could see a deep elf pyromancer (fleeing) and a fire elemental (summoned).

Vanquished Creatures
  Jeremiah (D:8)
  2 wyverns (D:7)
  A yak (D:8)
  A water moccasin (D:7)
  3 orc warriors
  A black bear (D:5)
  An ice beast (D:8)
  2 ogres
  2 centaurs (D:7)
  2 phantoms (D:5)
  A kobold brigand (D:7)
  Blork the orc (D:6)
  5 bullfrogs
  2 gnoll sergeants (D:7)
  5 scorpions
  A crimson imp (D:6)
  3 howler monkeys
  5 jellies
  3 orc priests
  A bombardier beetle (D:4)
  3 gnoll boudas
  6 hounds
  7 iguanas
  Terence (D:3)
  8 orc wizards
  12 gnolls
  5 adders
  3 white imps
  3 ufetubi
  2 dart slugs
  25 orcs
  4 ball pythons
  10 endoplasms
  6 giant cockroaches
  13 goblins
  12 hobgoblins
  12 kobolds
  2 quokkas
  7 bats
  4 frilled lizards
  5 rats
193 creatures vanquished.

Notes
Turn   | Place    | Note
-------+----------+-------------------------------------------
     0 | D:1      | Zeor the Gargoyle Gladiator began the quest for the Orb.
     0 | D:1      | Reached XP level 1. HP: 12/12 MP: 1/1
    20 | D:1      | You fall into a shaft and drop 1 floor!
   114 | D:1      | Reached XP level 2. HP: 17/17 MP: 2/2
   411 | D:1      | Reached XP level 3. HP: 17/22 MP: 3/3
   723 | D:2      | Found a sparkling altar of Nemelex Xobeh.
  1042 | D:2      | Reached skill level 1 in Armour
  1054 | D:2      | Reached skill level 4 in Staves
  1381 | D:3      | Reached XP level 4. HP: 25/27 MP: 4/4
  1524 | D:3      | Noticed Terence
  1541 | D:3      | Killed Terence
  1695 | D:3      | Reached XP level 5. HP: 32/32 MP: 5/5
  2001 | D:3      | Found a white marble altar of Elyvilon.
  2010 | D:3      | Found a bloodstained altar of Trog.
  2069 | D:4      | Reached skill level 1 in Evocations
  2132 | D:4      | Found an ornate altar of the Wu Jian Council.
  2177 | D:4      | Found a blossoming altar of Fedhas.
  2219 | D:4      | Reached skill level 1 in Stealth
  2219 | D:4      | Reached XP level 6. HP: 36/37 MP: 6/6
  2382 | D:4      | Reached skill level 5 in Staves
  2538 | D:5      | Entered Level 5 of the Dungeon
  2609 | D:5      | Reached XP level 7. HP: 36/42 MP: 5/7
  2779 | D:5      | Reached skill level 6 in Staves
  2931 | D:5      | Found a sparkling altar of Nemelex Xobeh.
  2932 | D:5      | Found a glowing silver altar of Zin.
  2940 | D:5      | Reached XP level 8. HP: 42/48 MP: 5/8
  3459 | D:6      | Identified a scroll of acquirement
  3460 | D:6      | Acquired the +2 pair of slick slippers {slick, slippery,
                  | EV+4}
  3460 | D:6      | Found the +2 pair of slick slippers {slick, slippery, EV+4}
  3518 | D:6      | Reached skill level 7 in Staves
  3556 | D:6      | Reached skill level 5 in Fighting
  3576 | D:6      | Identified the +10 whip "Iziy" {protect, rF++ Str-2}
  3675 | D:6      | Noticed Blork the orc
  3685 | D:6      | Killed Blork the orc
  3698 | D:6      | Found a runed translucent door.
  3699 | D:6      | Noticed Crazy Yiuf
  3780 | D:6      | Found a hazy altar of Hepliaklqana.
  3788 | D:6      | Found a broken altar of Ashenzari.
  3849 | D:6      | Found a burning altar of Makhleb.
  4362 | D:7      | Noticed a wyvern
  4372 | D:7      | Killed a wyvern
  4373 | D:7      | Reached XP level 9. HP: 46/55 MP: 7/9
  4448 | D:7      | Found a transporter.
  4450 | D:7      | Found a transporter.
  4450 | D:7      | Noticed knightboat's ghost (novice GnHs)
  4553 | D:7      | Found a sacrificial altar of Ru.
  4561 | D:7      | Became a worshipper of Ru the Awakened
  4598 | D:7      | Reached skill level 8 in Staves
  4603 | D:7      | Found Luulez's Antique Weapon Shop.
  4610 | D:7      | Bought a translucent hand cannon for 229 gold pieces
  4610 | D:7      | Identified the +6 hand cannon of Laceration {heavy, rPois
                  | rN+++ Dex-3} (You bought it in a shop on level 7 of the
                  | Dungeon)
  4844 | D:7      | Reached skill level 5 in Evocations
  5290 | D:7      | Reached skill level 9 in Staves
  5356 | D:7      | Found a staircase to the Ecumenical Temple.
  5606 | D:8      | Reached skill level 1 in Ranged Weapons
  5653 | D:8      | Reached XP level 10. HP: 40/63 MP: 5/10
  5685 | D:8      | Gained mutation: You take slightly more damage. (AC -5) [Ru
                  | sacrifice]
  5685 | D:8      | Reached * piety under Ru
  5878 | D:8      | Identified the +1 robe of Titaril {Str+6}
  6018 | D:8      | Noticed Jeremiah
  6040 | D:8      | Killed Jeremiah
  6352 | D:9      | Noticed a deep elf pyromancer
  6367 | D:9      | HP: 3/64 [fire elemental[a deep elf pyromancer] (2)]
  6381 | D:9      | HP: 3/64 [deep elf pyromancer/+0 long sword of
                  | electrocution (5)]
  6382 | D:9      | HP: 1/64 [fire elemental[a deep elf pyromancer] (2)]
  6384 | D:9      | Slain by a fire elemental

Illustrated notes

Levels and vault maps discovered:
D:1:      minmay_arrival_jagged, layout_basic, grunt_decor_cap,
          chequers_mini_garden
D:2:      layout_basic, serial_forest, infiniplex_forest_clump_tiny,
          infiniplex_forest_fountain, infiniplex_forest_lined_3,
          infiniplex_forest_straight_2, infiniplex_forest_end_1,
          infiniplex_forest_lined_ring, infiniplex_forest_clump_small,
          basic_altar
D:3:      layout_basic, mainiacjoe_overflow_swirl, minmay_distorted,
          uniq_terence
D:4:      layout_gridville, lemuel_tele_altar, mainiacjoe_overflow_alcove_4
D:5:      layout_loops_ring, mainiacjoe_overflow_divided_tiny
D:6:      layout_loops_ring, makhleb_grotto_becter,
          mainiacjoe_overflow_large_starburst, minmay_joined_circles,
          uniq_crazy_yiuf_cottage, uniq_blork_the_orc
D:7:      kennysheep_housing_project, layout_basic,
          mainiacjoe_overflow_boulevard, minmay_temple_entry_nine_rooms,
          serial_shops, shop, gammafunk_ghost_hive
D:8:      layout_rooms, uniq_jeremiah
D:9:      layout_small_grid, kennysheep_mini_moat, lair_entry_dummy,
          david_orc_5, serial_shops, nicolae_shop_rolling_square,
          guppyfry_early_elven_hall, uniq_psyche

Skill      XL: |  1  2  3  4  5  6  7  8  9 |
---------------+----------------------------+-----
Armour         | 1 2 3 4 |  4.8
Staves         | 4 5 6 7 9 |  9.6
Fighting       | 3 4 6 7 |  7.9
Evocations     | 1 2 3 4 5 |  5.8
Stealth        | 1 |  1.8
Dodging        | 3 |  3.4
Throwing       | 2 |  2.0
Ranged Weapons | 1 |  1.0

Action                     |  1- 3 |  4- 6 |  7- 9 | 10-12 || total
---------------------------+-------+-------+-------+-------++-------
  Melee: Quarterstaff      |   127 |   146 |   394 |    97 ||   764
   Fire: Hand cannon       |       |       |     7 |       ||     7
  Throw: Throwing net      |       |       |     2 |     2 ||     4
 Invoke: Sacrifice Health  |       |       |       |     1 ||     1
    Use: Scroll            |     6 |     8 |    11 |     1 ||    26
         Potion            |       |       |     2 |    10 ||    12
   Stab: Invisible         |       |       |       |     4 ||     4
 Armour: Leather armour    |    28 |       |       |       ||    28
         Scale mail        |    40 |    70 |       |       ||   110
         Chain mail        |       |    34 |   264 |   122 ||   420
  Dodge: Dodged            |    68 |    74 |   241 |    76 ||   459
